 Dungeon Crawl Stone Soup version 0.29.1-2-gbd0b4ee654 (webtiles) character file.

Game seed: 10773513703650025111

229910 MaxHasHax6295 the Peltast (level 19, -32/175 (180) HPs)
             Began as a Minotaur Berserker on Nov 2, 2022.
             Was a Priest of Trog.
             Killed from afar by a lich (66 damage)
             ... with a bolt of cold
             ... on level 3 of the Abyss on Nov 11, 2022.
             The game lasted 03:13:26 (67643 turns).

MaxHasHax6295 the Peltast (Minotaur Berserker)     Turns: 67643, Time: 03:13:27

HP:   -32/175 (180) AC: 41    Str: 34    XL:     19   Next: 11%
MP:   6/6           EV: 12    Int:  7    God:    Trog [***...]
Gold: 2974          SH: 29    Dex: 10    Spells: 18/18 levels left

rFire   . . .      SeeInvis .   Z - +9 scimitar (antimagic)
rCold   . . .      Faith    .   Y - +4 tower shield
rNeg    + + .      Spirit   .   i - +8 orange crystal plate armour {Archmagi, Int+3 Clar}
rPois   .          Reflect  +   (helmet restricted)
rElec   .          Harm     .   j - +0 cloak
rCorr   .          Rampage  +   V - +1 pair of gloves
Will    +++..      Archmagi +   m - +1 pair of boots of Pan-Flutes {Rampage rN++}
Stlth   .......... Clarity  +   y - amulet of reflection
HPRegen 1.39/turn               x - +4 ring of evasion
MPRegen 0.10/turn               G - +6 ring of strength

@: strong-willed, regenerating, slowed, lightly drained, unable to read, very
slow
A: horns 2, retaliatory headbutt, clumsy 1, [inability to read after injury 1]
a: Renounce Religion, Berserk, Trog's Hand


You were on level 3 of the Abyss.
You worshipped Trog.
Trog was most pleased with you.
You visited 6 branches of the dungeon, and saw 30 of its levels.
You visited the Abyss 2 times.

You collected 4161 gold pieces.
You spent 1187 gold pieces at shops.

Inventory:

Hand Weapons
 s - a +4 trident of flaming
 Z - a +9 antimagic scimitar (weapon)
Armour
 i - the +8 orange crystal plate armour (worn) {Archmagi, Int+3 Clar}
   (You acquired it on level 7 of the Dungeon)

   Int:       It affects your intelligence (+3).
   Clar:      It protects you against confusion.
 j - a +0 cloak (worn)
 m - the +1 pair of boots of Pan-Flutes (worn) {Rampage rN++}
   (You acquired it on level 7 of the Dungeon)

   rN:        It greatly protects you from negative energy.
   Rampage:   It bestows one free step when moving towards enemies.
 V - a +1 pair of gloves (worn)
 Y - a +4 tower shield (worn)
Jewellery
 c - a ring of poison resistance
 h - a +4 ring of evasion
 q - a ring of ice
 x - a +4 ring of evasion (left hand)
 y - an amulet of reflection (around neck)
 A - a ring of resist corrosion
 D - a ring of protection from cold
 G - a +6 ring of strength (right hand)
 H - an amulet of magic regeneration
 W - a +6 ring of strength
Wands
 a - a wand of flame (14)
 g - a wand of polymorph (13)
 w - a wand of roots (34)
 I - a wand of digging (14)
 L - a wand of mindburst (22)
 R - a wand of acid (4)
 X - a wand of paralysis (32)
Scrolls
 b - 4 scrolls of poison
 d - 6 scrolls of blinking
 e - 8 scrolls of fear
 f - 8 scrolls of immolation
 l - 4 scrolls of magic mapping
 n - 7 scrolls of vulnerability
 u - 2 scrolls of silence
 B - 6 scrolls of teleportation
 C - 3 scrolls of identify
 P - a scroll of summoning
 Q - 7 scrolls of amnesia
 S - 4 scrolls of butterflies
Potions
 k - 14 potions of curing
 o - 5 potions of lignification
 p - 2 potions of attraction
 r - 3 potions of haste
 t - 7 potions of berserk rage
 v - 3 potions of ambrosia
 z - 8 potions of flight
 E - 3 potions of resistance
 F - 3 potions of heal wounds
 J - 3 potions of magic
 K - 2 potions of invisibility
 M - 5 potions of might
 N - 5 potions of mutation
 O - 3 potions of brilliance
 T - 2 potions of cancellation


   Skills:
 + Level 18.3 Fighting
 * Level 9.9(14.7) Short Blades
 + Level 18.7(19.7) Long Blades
 - Level 7.7(9.0) Axes
 - Level 0.3(4.7) Maces & Flails
 - Level 7.0(8.6) Polearms
 + Level 8.5 Throwing
 + Level 19.0 Armour
 + Level 6.5 Dodging
 + Level 2.0 Stealth
 + Level 20.3 Shields
 + Level 1.3 Evocations


You had 18 spell levels left.
You didn't know any spells.
Your spell library was empty.

Dungeon Overview and Level Annotations

Branches:
Dungeon (15/15)            Temple (0/1) D:7            Lair (5/5) D:11
  Swamp (0/4) Lair:3        Snake (4/4) Lair:2        Slime (0/5) Lair:5
    Orc (2/2) D:11            Elf (3/3) Orc:2        Vaults (0/5) D:14
 Depths (1/4) D:15

Altars:
Elyvilon
Fedhas
Gozag
Vehumet
Zin
Lugonu

Shops:
D:9 :   D:15 (   Orc:2 [?=?=   Snake:1 :=:*   Snake:3 *   Snake:4 :=
Depths:1 [

Portals:
Abyss: Lair:5 Depths:1
Pandemonium: Depths:1
Trove: D:12 (give 8 potions of haste)

Annotations:
D:4 3 runed translucent doors, Icepheonix32's ghost, amateur DENe
D:15 3 runed translucent doors, exclusion: door, nshep25's ghost, journeyman MiFi
Lair:4 1 runed translucent door, exclusion: door, Cauraew's ghost, journeyman MiFi


Innate Abilities, Weirdness & Mutations

You have a pair of horns on your head.
You reflexively headbutt those who attack you in melee.
You are clumsy. (Dex -2)
[You occasionally lose the ability to read scrolls when taking damage.]


Message History

You miss something. You headbutt something. Something touches you.
You partially resist.
You hear some strange, mumbled words.
A bolt of cold appears from out of thin air!
The bolt of cold hits you!!!
You feel threatened and lose the ability to read scrolls!
You slash something!
You hear some strange, mumbled words.
A bolt of cold appears from out of thin air!
The bolt of cold misses you.
You hear some strange, mumbled words.
A bolt of cold appears from out of thin air!
The bolt of cold hits you!!!
* * * LOW HITPOINT WARNING * * *
Something touches you but does no damage. x2
You feel much better. Something touches you.
* * * LOW HITPOINT WARNING * * *
You block something's attack. x2
Something touches you but does no damage.
You feel much better.
Something touches you but does no damage.
You hear some strange, mumbled words.
A bolt of cold appears from out of thin air!
The bolt of cold hits you.
Something touches you but does no damage. x4
Your skin crawls.
You feel strong-willed.
You can no longer call in reinforcements.
You hear some strange, mumbled words.
A bolt of cold appears from out of thin air!
The bolt of cold hits you!!
* * * LOW HITPOINT WARNING * * *
You block something's attack.
Something touches you but does no damage. x2
Okay, then.
You slash something! Your headbutt misses something.
You hear some strange, mumbled words.
A bolt of cold appears from out of thin air!
The bolt of cold hits you!!!
You die...

.. . . #####
###.#...
...#..#
#.#).# #.@##
.. ..
###{{##. . .
. ∩.......#
...#..... .#
###.....#....
#......#.. #
#...........
............
.....# . . #.


There were no monsters in sight!

Vanquished Creatures
  An ancient lich (Abyss:2)
  Bai Suzhen (Elf:2)
  Vashnia (Snake:3)
  A bone dragon (Abyss:2)
  2 deep elf blademasters (Elf:2)
  2 liches
  3 deep elf master archers
  2 tentacled starspawn (Abyss:2)
  Frances (D:11)
  An Executioner (Abyss:2)
  Kirke (Snake:4)
  2 fire giants
  A nagaraja (Snake:1)
  2 frost giants (Depths:1)
  A deep elf sorcerer (Elf:3)
  Aizul (Snake:1)
  4 deep elf elementalists
  A reaper (Abyss:2)
  5 very ugly things
  A deep elf demonologist (Elf:2)
  4 stone giants
  Azrael (Orc:1)
  4 deep elf annihilators
  5 spark wasps
  Snorg (Lair:3)
  A merfolk impaler (Depths:1)
  2 fire dragons
  2 deep elf death magi (Elf:2)
  A merfolk javelineer (Depths:1)
  9 hydras
  5 vault guards
  Fannar (D:9)
  6 rakshasas
  2 boulder beetles
  A salamander tyrant (Snake:4)
  An ice dragon (Depths:1)
  7 two-headed ogres
  7 centaur warriors
  32 dancing weapons
  11 anacondas
  10 naga warriors
  A death knight (D:14)
  A tengu warrior (D:12)
  3 thrashing horrors
  6 shock serpents
  Nergalle (D:12)
  5 orc high priests
  8 naga sharpshooters
  13 deep elf knights
  3 sun demons (Abyss:2)
  A fire crab (Lair:5)
  3 wretched stars (Abyss:2)
  A sixfirhy (Abyss:2)
  5 skeletal warriors (D:15)
  6 salamander mystics
  A goliath frog (shapeshifter) (Elf:2)
  A bog body (Lair:3)
  6 orc knights
  2 glowing orange brains (Abyss:2)
  7 mana vipers
  3 naga ritualists
  13 deep elf archers
  24 deep elf pyromancers
  3 lindwurms
  A wizard (D:14)
  26 deep elf zephyrmancers
  9 orc sorcerers
  18 ugly things
  7 cyclopes
  A manticore (D:15)
  A moth of wrath (shapeshifter) (Depths:1)
  A worldbinder (Abyss:2)
  17 salamanders
  9 naga magi
  An elephant (D:10)
  3 smoke demons
  24 black mambas
  6 guardian serpents
  10 cane toads
  A gargoyle (D:12)
  A rime drake (shapeshifter) (D:13)
  An unseen horror (D:11)
  3 rime drakes
  2 tengu conjurers
  An ice devil (Abyss:2)
  9 komodo dragons
  6 ancient zymes
  2 efreet
  An anaconda simulacrum (Abyss:2)
  4 trolls
  3 polar bears
  A harpy zombie (Abyss:2)
  A hornet (D:9)
  A hornet (shapeshifter) (D:12)
  25 blink frogs
  11 dream sheep
  2 raiju (Abyss:2)
  A stone giant simulacrum (Abyss:2)
  22 slime creatures
  8 large abominations
  5 air elementals
  A flying skull (Abyss:2)
  A black mamba zombie (Abyss:2)
  A spriggan (shapeshifter) (Elf:2)
  A spriggan (Lair:5)
  3 shadows
  5 wyverns
  2 vampires
  4 hogs
  5 basilisks
  10 water elementals
  2 fire bats (Abyss:2)
  7 fire elementals
  A wyvern (shapeshifter) (D:13)
  4 chaos spawn
  A neqoxec (Abyss:2)
  44 yaks
  40 nagas
  2 steam dragons
  3 wargs (Orc:2)
  3 acid dragons
  An acid dragon (shapeshifter) (Lair:4)
  4 hell hounds
  16 water moccasins
  A swamp drake (D:11)
  A meliai simulacrum (D:14)
  27 orc warriors
  An ice beast (D:6)
  6 black bears
  5 boggarts
  8 ogres
  17 wolves
  4 centaurs
  A tengu (shapeshifter) (Elf:3)
  2 phantoms (D:5)
  4 kobold brigands
  18 bullfrogs
  3 gnoll sergeants
  3 necrophages
  7 earth elementals
  9 wights
  3 scorpions
  15 small abominations
  20 killer bees
  A vampire bat (D:4)
  5 howler monkeys
  An electric eel (Lair:5)
  3 hounds
  3 jellies
  13 orc priests
  2 gnoll boudas (D:5)
  2 iron imps (Abyss:2)
  5 hell rats (Lair:5)
  4 iguanas
  22 orc wizards
  27 gnolls
  2 gnolls (shapeshifter) (Elf:3)
  5 adders
  A shadow imp (D:7)
  3 white imps
  An ufetubus (D:5)
  2 worms
  A dart slug (D:3)
  67 orcs
  6 ball pythons
  11 bats
  5 endoplasms
  4 giant cockroaches
  6 goblins
  5 hobgoblins
  5 jackals
  25 kobolds
  2 quokkas
  A ball python (shapeshifter) (Elf:3)
  4 frilled lizards
  5 rats
  A bush (Lair:2)
  A lurking horror (Abyss:2)
  2 starspawn tentacles (Abyss:2)
1078 creatures vanquished.

Vanquished Creatures (collateral kills)
  A deep elf pyromancer (Elf:3)
  2 deep elf zephyrmancers
  An orc sorcerer (Orc:1)
  A salamander (Snake:3)
  An ugly thing (Snake:4)
  A naga mage (Snake:1)
  A black mamba (Snake:3)
  A naga (Snake:3)
  An orc (Orc:2)
10 creatures vanquished.

Vanquished Creatures (others)
  A naga warrior (Snake:4)
  A deep elf knight (Elf:1)
  2 deep elf pyromancers
  A water moccasin (Lair:5)
  An ogre (D:11)
  An orc priest (Orc:2)
  An orc wizard (Orc:2)
  An orc (Orc:2)
  18 fungi
  60 plants
  3 starspawn tentacles (Abyss:2)
90 creatures vanquished.

Grand Total: 1178 creatures vanquished

Notes
Turn   | Place    | Note
-------+----------+-------------------------------------------
     0 | D:1      | MaxHasHax6295 the Minotaur Berserker began the quest for
                  | the Orb.
     0 | D:1      | Reached XP level 1. HP: 19/19 MP: 0/0
    37 | D:1      | Found a faded altar of an unknown god.
   444 | D:1      | Reached XP level 2. HP: 26/27 MP: 1/1
  1664 | D:2      | Reached XP level 3. HP: 33/33 MP: 2/2
  1964 | D:2      | Identified the +7 mace "Rimoent" {freeze, rElec Str+7
                  | Int-4}
  1966 | D:2      | Lost intelligence.
  2576 | D:3      | Reached ** piety under Trog
  3050 | D:3      | Reached XP level 4. HP: 41/41 MP: 3/3
  3248 | D:4      | Found a runed translucent gate.
  3248 | D:4      | Found a runed translucent gate.
  3251 | D:4      | Found a runed translucent gate.
  3254 | D:4      | Noticed Icepheonix32's ghost (amateur DENe)
  3294 | D:4      | Reached skill level 5 in Axes
  3357 | D:4      | Found a blossoming altar of Fedhas.
  3411 | D:4      | Reached XP level 5. HP: 47/47 MP: 4/4
  3879 | D:4      | Identified the +1 pair of boots "Olitavor" {Int+5 Slay-2}
  4092 | D:4      | Reached XP level 6. HP: 53/53 MP: 5/5
  4195 | D:5      | Entered Level 5 of the Dungeon
  4289 | D:5      | Reached skill level 5 in Fighting
  4335 | D:5      | Reached XP level 7. HP: 61/61 MP: 2/6
  4339 | D:5      | Reached *** piety under Trog
  4637 | D:5      | Reached skill level 1 in Polearms
  4637 | D:5      | Reached skill level 5 in Armour
  4812 | D:5      | Reached skill level 1 in Stealth
  4969 | D:5      | Reached XP level 8. HP: 68/68 MP: 2/7
  5865 | D:6      | Reached skill level 5 in Polearms
  5946 | D:6      | Reached skill level 5 in Dodging
  6667 | D:6      | Identified the +4 falchion of the Nice God {drain, rC+++
                  | Int-3 Dex+5}
  7022 | D:6      | Reached skill level 1 in Long Blades
  7053 | D:6      | Reached XP level 9. HP: 72/75 MP: 8/8
  7975 | D:7      | Found a sand-covered staircase.
  7985 | D:7      | Found a staircase to the Ecumenical Temple.
  8054 | D:7      | Reached **** piety under Trog
  8216 | D:7      | Reached skill level 5 in Long Blades
  8267 | D:7      | Reached XP level 10. HP: 64/86 MP: 9/9
  8359 | D:7      | Found the +5 robe of Night {Dark Will+ SInv}
  8781 | D:7      | Identified 2 scrolls of acquirement
  8784 | D:7      | Acquired the +8 orange crystal plate armour {Archmagi,
                  | Int+3 Clar}
  8784 | D:7      | Found the +8 orange crystal plate armour {Archmagi, Int+3
                  | Clar}
  8797 | D:7      | Acquired the +1 pair of boots of Pan-Flutes {Rampage rN++}
 10535 | D:9      | Found an opulent altar of Gozag.
 10828 | D:9      | Noticed a brown ugly thing
 10842 | D:9      | Killed a brown ugly thing
 11062 | D:10     | Entered Level 10 of the Dungeon
 11068 | D:10     | Reached skill level 10 in Long Blades
 11068 | D:10     | Reached skill level 10 in Armour
 11685 | D:9      | Reached ***** piety under Trog
 11707 | D:9      | Reached XP level 11. HP: 89/95 MP: 10/10
 11744 | D:9      | Found Tofal's Self-Improvement Boutique.
 12050 | D:10     | Found a glowing silver altar of Zin.
 12142 | D:10     | Noticed a two-headed ogre
 12150 | D:10     | Killed a two-headed ogre
 12215 | D:10     | Reached skill level 1 in Throwing
 12401 | D:10     | Noticed Fannar
 12401 | D:10     | Noticed a two-headed ogre
 12432 | D:9      | Killed a two-headed ogre
 12494 | D:9      | Killed Fannar
 12799 | D:10     | Noticed a two-headed ogre
 12803 | D:10     | Killed a two-headed ogre
 13085 | D:11     | Noticed a purple ugly thing
 13107 | D:10     | Killed a purple ugly thing
 13247 | D:11     | Noticed an eight-headed hydra
 13328 | D:10     | Killed a 16-headed hydra
 13745 | D:11     | Noticed a two-headed ogre
 13769 | D:10     | Killed a two-headed ogre
 13770 | D:10     | Reached skill level 10 in Fighting
 13853 | D:11     | Found a staircase to the Lair.
 14208 | D:11     | Found a staircase to the Orcish Mines.
 14529 | Orc:1    | Entered Level 1 of the Orcish Mines
 14709 | Orc:2    | Entered Level 2 of the Orcish Mines
 14709 | Orc:2    | Found Roblur's Jewellery Shop.
 14884 | Orc:2    | Noticed an orc sorcerer
 14892 | Orc:2    | Killed an orc sorcerer
 14893 | Orc:2    | Reached XP level 12. HP: 106/107 MP: 11/11
 14905 | Orc:2    | Noticed Azrael
 15024 | Orc:1    | Paralysed by an orc sorcerer for 4 turns
 15137 | Orc:1    | Noticed an orc high priest
 15181 | Orc:1    | Killed an orc high priest
 15187 | Orc:1    | Received a gift from Trog
 15751 | Orc:1    | Killed Azrael
 16348 | Orc:2    | Found Hiodwim's Magic Scroll Boutique.
 16364 | Orc:2    | Reached skill level 5 in Throwing
 16379 | Orc:2    | Noticed an orc high priest
 16382 | Orc:2    | Noticed an orc high priest
 16406 | Orc:2    | HP: 1/110 [orc high priest/divine providence (16)]
 16999 | Orc:2    | Killed an orc high priest
 17121 | Orc:2    | Noticed an orc high priest
 17311 | Orc:1    | Killed an orc high priest
 17764 | Orc:2    | Gained mutation: You are clumsy. (Dex -2) [a neqoxec]
 18529 | Orc:2    | Killed an orc high priest
 18680 | Orc:2    | Found a staircase to the Elven Halls.
 18744 | Orc:2    | Paralysed by an orc sorcerer for 5 turns
 19190 | Orc:1    | Reached XP level 13. HP: 102/117 MP: 12/12
 19391 | Orc:2    | Found Zamoschic's Jewellery Emporium.
 19395 | Orc:2    | Bought a scroll of blinking for 90 gold pieces
 19398 | Orc:2    | Found Sorchot's Magic Scroll Emporium.
 19400 | Orc:2    | Found Ethicvom's Armour Boutique.
 19411 | Orc:2    | Bought 3 scrolls of fear for 180 gold pieces
 19481 | Elf:1    | Entered Level 1 of the Elven Halls
 19618 | Lair:1   | Entered Level 1 of the Lair of Beasts
 20413 | Lair:2   | Found a staircase to the Snake Pit.
 21935 | Lair:2   | Reached skill level 1 in Shields
 22752 | Lair:3   | Found a staircase to the Swamp.
 22857 | Lair:2   | Reached skill level 2 in Shields
 23087 | Lair:3   | Reached skill level 3 in Shields
 23134 | Lair:3   | Identified the +10 mace of Fidats {vamp, Int+4}
 23733 | Lair:3   | Reached skill level 15 in Long Blades
 23733 | Lair:3   | Reached skill level 4 in Shields
 23955 | Lair:4   | Found a runed translucent door.
 23962 | Lair:4   | Noticed Cauraew's ghost (journeyman MiFi)
 23963 | Lair:4   | Identified the +5 trident of Bumpuez {vorpal, Str+2 Dex+4}
 24061 | Lair:4   | Noticed Snorg
 24104 | Lair:3   | Reached skill level 5 in Shields
 24282 | Lair:3   | Killed Snorg
 24438 | Lair:4   | Reached skill level 6 in Shields
 24529 | Lair:3   | Received a gift from Trog
 24858 | Lair:4   | Reached skill level 7 in Shields
 24971 | Lair:4   | Reached XP level 14. HP: 120/129 MP: 13/13
 25254 | Lair:5   | Entered Level 5 of the Lair of Beasts
 25741 | Lair:5   | Reached skill level 8 in Shields
 25896 | Lair:5   | Found a staircase to the Slime Pits.
 26733 | Lair:4   | Reached skill level 9 in Shields
 28469 | Lair:4   | Reached skill level 10 in Shields
 28608 | Lair:5   | Reached skill level 15 in Armour
 28899 | Lair:5   | Received a gift from Trog
 29180 | Lair:5   | Reached skill level 11 in Shields
 29230 | Lair:5   | Found a corrupted altar of Lugonu.
 29231 | Lair:5   | Found a one-way gate to the infinite horrors of the Abyss.
 29245 | Lair:5   | Identified the ring "Jaiwin" {rElec rPois rC- Will+ Str+3}
 30113 | D:12     | Noticed Nergalle
 30133 | D:12     | Killed Nergalle
 30337 | D:12     | Noticed Frances
 30369 | D:11     | Killed Frances
 31370 | D:12     | Found a portal to a secret trove of treasure.
 31527 | D:13     | Acquired 514 gold pieces
 32036 | D:13     | Reached skill level 12 in Shields
 32071 | D:13     | Reached XP level 15. HP: 135/139 MP: 4/14
 33001 | D:14     | Found a white marble altar of Elyvilon.
 33967 | D:14     | Received a gift from Trog
 34043 | D:14     | Found a gate to the Vaults.
 34594 | D:13     | Reached skill level 13 in Shields
 35165 | D:15     | Entered Level 15 of the Dungeon
 35166 | D:15     | Noticed nshep25's ghost (journeyman MiFi)
 35373 | D:15     | Found a runed translucent gate.
 35373 | D:15     | Found a runed translucent gate.
 35373 | D:15     | Found a runed translucent gate.
 35573 | D:14     | Reached skill level 15 in Fighting
 36627 | D:15     | Found a staircase to the Depths.
 36627 | D:15     | Noticed a fire giant
 36740 | D:14     | Killed a fire giant
 37007 | D:15     | Identified the +9 war axe of Zeimaoz {pain, Int+2}
 37116 | D:15     | Found Eviatoce's Antique Weapon Shoppe.
 37260 | Depths:1 | Entered Level 1 of the Depths
 38273 | Depths:1 | Found a one-way gate leading to the halls of Pandemonium.
 38950 | Depths:1 | Reached skill level 14 in Shields
 39522 | Snake:1  | Entered Level 1 of the Snake Pit
 39966 | Snake:1  | Found Sorodios's Specific Store.
 39967 | Snake:1  | Found Pobiog Yqut's General Store.
 39974 | Snake:1  | Bought a scroll of enchant weapon for 97 gold pieces
 39979 | Snake:1  | Bought a potion of haste for 160 gold pieces
 39979 | Snake:1  | Bought a wand of polymorph (7) for 156 gold pieces
 40014 | Snake:1  | Found Nuefela's Book Shoppe.
 40017 | Snake:1  | Found Erphocsoe's Jewellery Boutique.
 40018 | Snake:1  | Found Emuzos's Book Shoppe.
 40399 | Snake:1  | Reached skill level 1 in Evocations
 40752 | Snake:1  | You fall into a shaft and drop 1 floor!
 40752 | Snake:2  | Noticed a nagaraja
 40825 | Snake:1  | Received a gift from Trog
 41116 | Snake:1  | Noticed Aizul
 41128 | Snake:1  | Killed Aizul
 41864 | Snake:1  | Reached XP level 16. HP: 148/149 MP: 5/15
 45042 | Snake:2  | Reached skill level 15 in Shields
 46373 | Snake:3  | Found Mekkischi's Mass Market.
 47303 | Snake:3  | Noticed Vashnia
 47653 | Snake:3  | Reached skill level 1 in Short Blades
 48013 | Snake:3  | Killed Vashnia
 48014 | Snake:3  | Reached skill level 16 in Shields
 48706 | Snake:4  | Entered Level 4 of the Snake Pit
 48923 | Snake:4  | Identified the +1 pair of gloves of Pride {Harm Dex+5}
 48996 | Snake:4  | Found a frozen archway.
 50396 | Snake:3  | Reached XP level 17. HP: 128/159 MP: 5/16
 50726 | Snake:4  | Found Zungo's Jewellery Emporium.
 50815 | Snake:4  | Bought a +6 ring of strength for 504 gold pieces
 50824 | Snake:4  | Found Mapn's Vocational Training.
 51644 | Snake:4  | Noticed Kirke
 51663 | Snake:4  | Killed Kirke
 52653 | Depths:1 | Reached skill level 17 in Shields
 53082 | D:15     | Reached skill level 5 in Short Blades
 54843 | Depths:1 | Noticed a lich
 54889 | Depths:1 | Killed a lich
 55237 | Depths:1 | Found Echar's Antique Armour Shop.
 57288 | Elf:1    | Paralysed by an air elemental for 1 turns
 57432 | Elf:1    | Paralysed by an air elemental for 1 turns
 57677 | Elf:1    | Paralysed by an air elemental for 1 turns
 57683 | Elf:1    | Paralysed by an air elemental for 1 turns
 57687 | Elf:1    | Paralysed by an air elemental for 1 turns
 57899 | Elf:1    | Found a radiant altar of Vehumet.
 58943 | Elf:2    | HP: 6/161 [deep elf zephyrmancer/bolt of lightning (25)]
 59711 | Elf:2    | Reached skill level 18 in Shields
 61339 | Elf:2    | Reached XP level 18. HP: 170/170 MP: 5/17
 61350 | Elf:2    | Found a runed translucent gate.
 61350 | Elf:2    | Found a runed translucent gate.
 61351 | Elf:2    | Found a runed translucent gate.
 63388 | Elf:3    | Entered Level 3 of the Elven Halls
 63388 | Elf:3    | Noticed Bai Suzhen
 63408 | Elf:2    | Killed Bai Suzhen
 63409 | Elf:2    | Reached skill level 19 in Shields
 64379 | Abyss:2  | Cast into level 2 of the Abyss (a deep elf sorcerer)
 64823 | Abyss:2  | Noticed a bone dragon
 64835 | Abyss:2  | Killed a bone dragon
 64874 | Elf:3    | Escaped the Abyss
 65544 | Elf:3    | Identified the +1 pair of gloves of Siqixo {rPois Str-4
                  | Dex+6 Stlth+}
 65557 | Elf:3    | Received a gift from Trog
 66271 | Elf:3    | Paralysed by an air elemental for 1 turns
 66401 | Elf:3    | Noticed a Hell Sentinel
 66673 | Elf:3    | Identified the +3 leather armour of Defiance {Str+4 Int-2
                  | Dex+3}
 66902 | Abyss:2  | Cast into level 2 of the Abyss (a deep elf sorcerer)
 67014 | Abyss:2  | Noticed an ancient lich
 67024 | Abyss:2  | Killed an ancient lich
 67025 | Abyss:2  | Reached skill level 20 in Shields
 67121 | Abyss:2  | Acquired 516 gold pieces
 67261 | Abyss:2  | Reached XP level 19. HP: 114/143 MP: 6/18
 67643 | Abyss:3  | Killed from afar by a lich

Illustrated notes

Levels and vault maps discovered:
D:1:      lightli_arrival_farm, layout_basic, ebering_ecumenical_altar_ruins
D:2:      layout_loops_ring, kennysheep_generic_room_8
D:3:      layout_basic, nicolae_elevator_lobby_asterisk
D:4:      layout_loops_cross, fedhas_ov_isle_minmay, gammafunk_ghost_necromancy,
          hangedman_decor_opposing, roderic_batcave, nicolae_underground_beach
D:5:      layout_loops_ring, grunt_ministairs_1
D:6:      layout_loops_corners
D:7:      layout_loops_ring, minmay_temple_entry_from_below_a, enter_ossuary_2,
          hellmonk_guarded_unrand_night
D:8:      layout_loops_ring
D:9:      layout_cave_pods, mainiacjoe_overflow_alcove_4, nicolae_shop_self_help
D:10:     layout_roguey, mainiacjoe_overflow_alcove_2, uniq_fannar
D:11:     layout_loops_ring, david_lair_generic, erik_orc_1
D:12:     layout_long_grid, enter_trove_5, hangedman_decor_riveting,
          lightli_corner_chamber, uniq_nergalle, uniq_frances
D:13:     layout_loops_ring, minivault_25_ag
D:14:     layout_long_grid, lightli_vaults_fourway_checkpoint,
          nicolae_elyvilon_temple_path
D:15:     grunt_enter_depths_giant_problem, layout_long_grid, serial_shops,
          shop, maelrawn_ghost_gauntlet_escape, hangedman_decor_push
Lair:1:   layout_loops_ring
Lair:2:   gammafunk_indiana_jones, layout_cave_pods, guppyfry_snake_entry_garden
Lair:3:   layout_long_grid, skrybe_swamp_entry_bodies, beast_lair_carwin_2
Lair:4:   beast_lair_carwin_large_1, layout_gridlike,
          ebering_ghost_funeral_grove, lemuel_fruit_tree, uniq_snorg
Lair:5:   hellmonk_lair_end_abyssal_woods, layout_regular_city, slime_entry_1,
          gammafunk_lair_bear_cave, grunt_megastairs_1
Snake:1:  layout_layer_cave, nicolae_specific_store, minmay_shop_grove,
          uniq_aizul
Snake:2:  layout_onion
Snake:3:  layout_onion, minmay_shop_mass, uniq_vashnia
Snake:4:  snake_pit_salamanders_mu, layout_onion_interference,
          portal_ice_cave_entry_ugly_swarm, serial_shops, nicolae_square_shop,
          st_stairs_12, nicolae_shop_vocational, uniq_kirke
Orc:1:    layout_diamond_mine
Orc:2:    st_orc_elflike, layout_caves, basic_altar, serial_shops,
          nicolae_shop_hallway_stairs, uniq_azrael
Elf:1:    layout_loops_corners, basic_altar, hangedman_corner_corridor
Elf:2:    elven_hall_of_blades_hangedman_original
          [nicolae_blade_entry_crossed_weapons], layout_geoelf_octagon,
          lemuel_elevator
Elf:3:    minmay_elf_hall_circle, layout_gridlike,
          nicolae_elf_shapeshifter_party, uniq_bai_suzhen
Depths:1: layout_roguey, abyss_entry, pan_entry, serial_shops,
          nicolae_diamond_shop, chequers_decorated_corner, grunt_mini_vestibule,
          grunt_decor_mini_mirrors, kennysheep_pointless_box,
          minmay_misc_feat_rugged, chequers_big_river,
          hangedman_abyss_or_decor_passed, tgw_xom
Abyss:3:  base: Lair:5, patterned_corridor, minivault_19,
          evilmike_abyss_exit_glass

Skill      XL: |  1  2  3  4  5  6  7  8  9 10 11 12 13 14 15 16 17 18 19 |
---------------+----------------------------------------------------------+-----
Axes           | 4 5 6 7 |  7.7
Fighting       | 4 5 6 7 8 10 11 13 14 15 16 17 18 | 18.3
Armour         | 3 4 5 7 8 10 11 13 14 15 16 17 18 19 | 19.0
Dodging        | 3 4 5 6 |  6.5
Polearms       | 2 6 7 |  7.0
Stealth        | 1 2 |  2.0
Long Blades    | 1 6 10 12 14 15 16 17 18 | 18.7
Throwing       | 3 5 6 7 8 |  8.5
Shields        | 7 12 14 16 18 20 | 20.3
Evocations     | 1 |  1.3
Short Blades   | 4 7 9 |  9.9
Maces & Flails | |  0.3

Action                   |  1- 3 |  4- 6 |  7- 9 | 10-12 | 13-15 | 16-18 | 19-21 || total
-------------------------+-------+-------+-------+-------+-------+-------+-------++-------
Melee: Hand axe          |    91 |    88 |       |       |       |       |       ||   179
       Headbutt          |    15 |    16 |    47 |   161 |   447 |   419 |    51 ||  1156
       Mace              |     1 |       |       |       |       |       |       ||     1
       Punch             |       |     2 |     3 |    13 |     4 |       |       ||    22
       Spear             |       |    18 |   218 |       |       |       |       ||   236
       Falchion          |       |       |    98 |   715 |   881 |       |       ||  1694
       Scimitar          |       |       |       |       |   807 |  1837 |   136 ||  2780
Throw: Throwing net      |       |       |     4 |     1 |       |     3 |       ||     8
       Boomerang         |       |       |       |    70 |    74 |   122 |       ||   266
       Dart              |       |       |       |       |       |     3 |       ||     3
Invok: Berserk           |       |     2 |     6 |    15 |    22 |    38 |     1 ||    84
       Trog's Hand       |       |       |     1 |       |     2 |    10 |     2 ||    15
       Brothers in Arms  |       |       |       |     3 |     2 |    11 |       ||    16
Evoke: Wand              |       |       |       |     2 |     5 |    11 |       ||    18
  Use: Potion            |       |       |     3 |       |       |     5 |     2 ||    10
       Scroll            |       |       |       |    18 |    19 |    11 |     1 ||    49
 Stab: Held in net/web   |       |       |       |     2 |       |       |       ||     2
       Distracted        |       |       |       |       |     1 |     1 |       ||     2
Armor: Ring mail         |    18 |    35 |    38 |       |       |       |       ||    91
       Chain mail        |       |       |    68 |     9 |       |       |       ||    77
       Plate armour      |       |       |    20 |       |       |       |       ||    20
       Crystal plate arm |       |       |       |   435 |  1269 |   627 |    91 ||  2422
Dodge: Dodged            |    56 |    93 |   189 |   387 |   738 |   352 |    27 ||  1842
Block: Tower shield      |       |       |       |       |  1541 |  2131 |   156 ||  3828
       Reflection        |       |       |       |       |       |   214 |     3 ||   217
